 Dungeon Crawl Stone Soup version 0.15-a0-35-ga771cbd (webtiles) character file.

223 lorenz the Cudgeler (level 4, -7/44 HPs)
             Began as a Troll Abyssal Knight on Apr 2, 2014.
             Was a Believer of Lugonu.
             Mangled by Grinder (9 damage)
             ... on Level 3 of the Dungeon.
             The game lasted 00:25:48 (1700 turns).

lorenz the Cudgeler (Troll Abyssal Knight)          Turns: 1700, Time: 00:25:48

HP  -7/44        AC  5     Str 20      XL: 4   Next: 96%
MP   2/2         EV 10     Int  6 (8)  God: Lugonu [**....]
Gold 88          SH  0     Dex 10      Spells:  0 memorised,  3 levels left

rFire  . . .     SeeInvis +     a - +2,+1 mace
rCold  . . .     Clarity  .     b - +0 robe
rNeg   . . .     Conserve .     (shield restricted)
rPois  .         rCorr    .     (helmet restricted)
rElec  .         rRot     .     (no cloak)
SustAb . .       Spirit   .     (gloves unavailable)
rMut   .         Warding  .     (boots unavailable)
Gourm  +         Stasis   .     (no amulet)
MR     .....                    (no ring)
                                f - ring of see invisible

@: not resistant to hostile enchantments, unstealthy
A: unfitting armour, claws 3, fast metabolism 3, gourmand, regeneration 2,
saprovore 2, shaggy fur 1, tough skin 2
a: Depart the Abyss, Bend Space, Renounce Religion


You were on level 3 of the Dungeon.
You worshipped Lugonu.
Lugonu was pleased with you.
You were very full.

You visited 1 branch of the dungeon, and saw 3 of its levels.
You visited the Abyss 1 time.

You collected 88 gold pieces.

Inventory:

Hand weapons
 a - a +2,+1 mace (weapon)
 l - a +0,+0 flail
Armour
 b - a +0 robe (worn)
 q - a +0 robe
Comestibles
 c - 5 meat rations
 h - 2 chunks of orc flesh
 n - 3 bread rations
Scrolls
 g - 3 scrolls of remove curse
 p - 2 scrolls of noise
Jewellery
 f - a ring of see invisible (left claw)
 t - an uncursed ring of teleportation
Potions
 i - 2 potions of magic {unknown}
 r - a potion of brilliance


   Skills:
 - Level 2.4 Fighting
 + Level 4.7 Maces & Flails
 - Level 1.9 Dodging
 - Level 1.5 Invocations


You had 3 spell levels left.
You didn't know any spells.

Dungeon Overview and Level Annotations

Branches:
Dungeon (3/15)

Altars:
Xom
The Shining One

Annotations:
D:3 Grinder, Sigmund


Innate Abilities, Weirdness & Mutations

You are too large for most types of armour.
You have claws for hands.
Your metabolism is lightning-fast.
You like to eat raw meat.
You heal very quickly.
You can eat rotten meat.
You are covered in fur (AC +1).
You have very tough skin (AC +2).


Message History

You continue eating!
There is a stone staircase leading up here!
Grinder hits you!
You writhe in agony!
* * * LOW HITPOINT WARNING * * *
You are too injured to fight recklessly!!!
You are too injured to fight recklessly!!!
You are too injured to fight recklessly!!!
You flatten Grinder but do no damage!
Grinder says, "DUCK!!!"
Grinder hits you!
* * * LOW HITPOINT WARNING * * *
You writhe in agony!
* * * LOW HITPOINT WARNING * * *
Drink which item? (? for menu, Esc to quit)
Okay, then!
Drink which item? (? for menu, Esc to quit)
There was something very wrong with that liquid!!!
You feel dopey!
It was a potion of degeneration!
Grinder hits you!!!
You die!!!

,,,,, ,........#.#####...# ≈≈≈≈≈≈
,,,,,**#.#.#...#.##....#**,,***##
,,,,,, ................# *,,≈≈≈≈≈
,,,,,* #.#.#...#.......# **≈≈ ,∩,
,,..#**#...#...#.......# **≈≈≈≈≈
,,.......(.............# ########
,,....,#...#..)#.....#.###≈≈≈≈≈≈≈
,,#....#.#.#...5##...#.##≈..≈≈≈≈.
**#........#....@#####.##5.######
###.#*#..........# #...........
....# #..........# #...########
....# ##.......### #...#* *
....####.#.#...#######....,,*****
....)<.....................,,,,,,
###.####.#.#.........#......*****
#.####.#.#.........#.##...# *
#.##...#.......#...#.#*...* *


You could see Grinder.

Vanquished Creatures
  An orc priest (D:3)
  An adder (D:2)
  5 gnolls
  2 giant geckos (D:3)
  An ooze (D:3)
  4 orcs
  4 giant cockroaches
  3 goblins (D:1)
  4 hobgoblins
  4 kobolds
  A quokka (D:3)
  3 bats
  7 giant newts
  7 rats
  A fungus (D:1)
48 creatures vanquished.

Notes
Turn   | Place    | Note
--------------------------------------------------------------
     0 | Abyss:1  | lorenz, the Troll Abyssal Knight, began the quest for the Orb.
     0 | Abyss:1  | Reached XP level 1. HP: 22/22 MP: 1/1
    19 | D:1      | Escaped the Abyss
   329 | D:1      | Reached XP level 2. HP: 29/29 MP: 1/1
   381 | D:1      | Acquired Lugonu's second power
   672 | D:1      | Reached skill level 3 in Maces & Flails
   717 | D:1      | Reached XP level 3. HP: 36/36 MP: 2/2
   793 | D:2      | Found a glowing golden altar of the Shining One.
   954 | D:2      | Found a shimmering altar of Xom.
  1096 | D:3      | Noticed Sigmund
  1253 | D:2      | Reached skill level 4 in Maces & Flails
  1253 | D:2      | Reached XP level 4. HP: 44/44 MP: 2/2
  1372 | D:3      | Noticed Grinder
  1372 | D:3      | Paralysed by Grinder for 5 turns
  1386 | D:3      | Paralysed by Grinder for 5 turns
  1394 | D:3      | Paralysed by Grinder for 3 turns
  1691 | D:3      | Paralysed by Grinder for 4 turns
  1699 | D:3      | HP: 2/44 [Grinder (6)]
  1700 | D:3      | Mangled by Grinder

Action                   |  1- 3 |  4- 6 || total
-------------------------+-------+-------++-------
Melee: Mace              |   126 |    93 ||   219
  Use: Scroll            |       |     9 ||     9
       Potion            |       |     9 ||     9
